 Dungeon Crawl Stone Soup version 0.31.0-32-g396128a36d (webtiles) character file.

Game seed: 15558097448344202271

158 Logoto the Chopper (level 5, 0/47 HPs)
             Began as a Hill Orc Berserker on Apr 4, 2024.
             Was a Believer of Trog.
             Slain by a shadow imp (2 damage)
             ... on level 4 of the Dungeon.
             The game lasted 00:05:39 (2979 turns).

Logoto the Chopper (Hill Orc Berserker)             Turns: 2979, Time: 00:05:40

Health: 0/47       AC:  5    Str: 22    XL:     5   Next: 40%
Magic:  5/5        EV: 11    Int:  7    God:    Trog [**....]
Gold:   123        SH:  0    Dex: 10    Spells: 4/4 levels left

rFire   . . .        o - +0 war axe
rCold   . . .        (no shield)
rNeg    . . .        e - +0 ring mail
rPois   .            (no helmet)
rElec   .            (no cloak)
rCorr   .            (no gloves)
SInv    .            (no boots)
Will    .....        (no amulet) Stlth
                     (no ring)
HPRegen 0.27/turn    (no ring)
MPRegen 0.09/turn

%: no passive effects
@: on berserk cooldown, slowed, very slow
A: no striking features
a: Renounce Religion, Berserk, Trog's Hand


You were on level 4 of the Dungeon.
You worshipped Trog.
Trog was pleased with you.
You visited 1 branch of the dungeon, and saw 4 of its levels.

You collected 123 gold pieces.

Inventory:

Hand Weapons
 a - a +0 hand axe
 j - a +1 mace of holy wrath
 o - a +0 war axe (weapon)
Missiles
 i - 9 poisoned darts (quivered)
 l - a throwing net
Armour
 e - a +0 ring mail (worn)
Scrolls
 b - 2 scrolls of enchant weapon {unknown}
 f - 2 scrolls of teleportation {unknown}
 g - a scroll of acquirement {unknown}
 k - 2 scrolls of identify {unknown}
 m - 2 scrolls of immolation
 n - a scroll of noise {unknown}
Potions
 c - a potion of curing
 d - a potion of might {unknown}
 h - a potion of ambrosia {unknown}


   Skills:
 * Level 4.7 Fighting
 * Level 5.3(5.5) Axes
 + Level 1.5(3.2) Maces & Flails
 * Level 3.3 Armour
 + Level 2.1 Dodging
 + Level 0.1 Stealth


You had 4 spell levels left.
You didn't know any spells.
Your spell library was empty.

Dungeon Overview and Level Annotations

Branches:
Dungeon (4/15)             Temple (0/1) D:4

Altars:

Annotations:
D:3 2 transporters, KEVIN's ghost, amateur GnGl


Message History

You feel less confused. Something hits you.
* * * LOW HITPOINT WARNING * * *
You hear some strange, mumbled words.
A magic dart appears from out of thin air!
The magic dart hits you.
* * * LOW HITPOINT WARNING * * *
You hear some strange, mumbled words.
A puff of flame appears from out of thin air!
The puff of flame hits you.
* * * LOW HITPOINT WARNING * * *
It was a potion of curing.
You feel better. Something hits you but does no damage.
You closely miss something. Something hits you. The shadow imp hits you.
* * * LOW HITPOINT WARNING * * *
Something hits you.
* * * LOW HITPOINT WARNING * * *
You're still recovering from your berserk rage.
You barely miss the shadow imp. You punch the shadow imp.
The shadow imp is heavily wounded.
The shadow imp barely misses you. The shadow imp hits you.
* * * LOW HITPOINT WARNING * * *
You hit the shadow imp.
The shadow imp is heavily wounded.
The shadow imp closely misses you. The shadow imp hits you.
* * * LOW HITPOINT WARNING * * *
You barely miss the shadow imp.
The shadow imp is heavily wounded.
You hear the slow hiss of a distant avalanche of sand.
The shadow imp barely misses you. The shadow imp closely misses you.
Unknown command.
You closely miss the shadow imp.
The shadow imp is heavily wounded.
The shadow imp misses you. The shadow imp hits you.
* * * LOW HITPOINT WARNING * * *
You closely miss the shadow imp.
The shadow imp is heavily wounded.
The shadow imp hits you but does no damage.
The shadow imp hits you.
You die...

#...# #.<.# #...# #...# #...#
####### ##########...#
#####.....# ####............#
###....)....#####....########...#
..............{5@..#.# ##.##
#.....#.†....#.#####'### #.#
$.#.#.#.)...##...#.....# #.#
........#######.##.###.# .#
...#.............'.'>#.+ .#
....[..........###.###.# .#
.###...........# #.....#
###...........# ###+###
#........######


You could see a shadow imp.

Vanquished Creatures
  A scorpion (D:4)
  An adder (D:3)
  2 shadow imps (D:4)
  A ribbon worm (D:2)
  A dart slug (D:1)
  5 orcs
  7 ball pythons
  6 endoplasms
  A giant cockroach (D:3)
  6 goblins
  3 hobgoblins
  6 jackals
  8 kobolds
  4 quokkas
  A bat (D:3)
  6 frilled lizards
  3 rats
62 creatures vanquished.

Notes
Turn   | Place    | Note
-------+----------+-------------------------------------------
     0 | D:1      | Logoto the Hill Orc Berserker began the quest for the Orb.
     0 | D:1      | Reached XP level 1. HP: 19/19 MP: 1/1
   137 | D:1      | Reached XP level 2. HP: 27/27 MP: 2/2
   482 | D:1      | Reached XP level 3. HP: 33/33 MP: 3/3
   674 | D:1      | Reached ** piety under Trog
  1360 | D:2      | Found a faded altar of an unknown god.
  1977 | D:3      | Reached XP level 4. HP: 41/41 MP: 4/4
  2218 | D:3      | Reached skill level 1 in Maces & Flails
  2462 | D:3      | Found a transporter.
  2462 | D:3      | Noticed an ogre
  2463 | D:3      | Noticed KEVIN's ghost (amateur GnGl)
  2464 | D:3      | Noticed an ogre
  2474 | D:3      | Found a transporter.
  2910 | D:4      | Found a staircase to the Ecumenical Temple.
  2937 | D:4      | Noticed a scorpion
  2956 | D:4      | Reached skill level 5 in Axes
  2956 | D:4      | Killed a scorpion
  2957 | D:4      | Reached XP level 5. HP: 37/47 MP: 5/5
  2978 | D:4      | HP: 2/47 [shadow imp (4)]
  2979 | D:4      | Slain by a shadow imp

Illustrated notes

Levels and vault maps discovered:
D:1:      saegor_arrival_miasma, layout_basic
D:2:      layout_basic, hellmonk_ecumenical_altar_blasted,
          hangedman_decor_opposing
D:3:      layout_loops_corners, gammafunk_ghost_smash
D:4:      layout_rooms, eat_drink_and_be_merry_uskayaw,
          minmay_temple_entry_glassed_door,
          mainiacjoe_ossuary_entry_find_the_door, serial_demonic,
          serial_demonic_b, serial_demonic_b, serial_demonic_e, serial_demonic_b

Skill      XL: |  1  2  3  4 |
---------------+-------------+-----
Fighting       | 4 |  4.7
Maces & Flails | 1 |  1.5
Dodging        | 2 |  2.1
Axes           | 5 |  5.3
Armour         | 3 |  3.3
Stealth        | |  0.1

Action                     |  1- 3 |  4- 6 || total
---------------------------+-------+-------++-------
  Melee: Hand axe          |    49 |       ||    49
         Mace              |    67 |    33 ||   100
         War axe           |       |    20 ||    20
         Punch             |       |     1 ||     1
 Invoke: Berserk           |     3 |     1 ||     4
    Use: Potion            |       |     1 ||     1
 Armour: Animal skin       |    14 |       ||    14
         Ring mail         |    51 |    54 ||   105
  Dodge: Dodged            |    69 |    44 ||   113
